 Dungeon Crawl Stone Soup version 0.26-a0-962-g9b92081034 (webtiles) character file.

Game seed: 3794749846210717529

4724 Gargoyl the Fighter (level 10, -2/73 HPs)
             Began as a Gnoll Abyssal Knight on Dec 2, 2020.
             Was a High Priest of Lugonu.
             Slain by Erica
             ... wielding a +3 scimitar of flaming
              (16 damage)
             ... on level 8 of the Dungeon.
             The game lasted 00:11:57 (10773 turns).

Gargoyl the Fighter (Gnoll Abyssal Knight)         Turns: 10773, Time: 00:11:57

Health: -2/73      AC: 11    Str: 17    XL:     10   Next: 45%
Magic:  17/17      EV: 14    Int: 15    God:    Lugonu [*****.]
Gold:   552        SH:  0    Dex: 15    Spells: 19/19 levels left

rFire    . . .     SeeInvis .   a - +4 hand axe
rCold    . . .     Faith    .   (no shield)
rNeg     . . .     Spirit   .   e - +0 chain mail
rPois    +         Reflect  .   (helmet restricted)
rElec    .         Harm     .   i - +0 cloak
rCorr    .         Rampage  .   (no gloves)
MR       .....                  w - +2 pair of boots
Stlth    ..........             (no amulet)
HPRegen  0.22/turn              f - ring of poison resistance
MPRegen  0.15/turn              u - +4 ring of evasion

@: slowed, very slow
A: distributed training, antennae 1, fangs 1, deformed body, frail 1, strong
nose
a: Depart the Abyss, Bend Space, Banish, Corrupt, Enter the Abyss, Renounce
Religion


You were on level 8 of the Dungeon.
You worshipped Lugonu.
Lugonu was extremely pleased with you.
You visited 1 branch of the dungeon, and saw 8 of its levels.
You visited the Abyss 1 time.

You collected 552 gold pieces.

Inventory:

Hand Weapons
 a - a +4 hand axe (weapon)
Missiles
 b - 12 curare-tipped darts
 g - 30 poisoned darts (quivered)
Armour
 e - a +0 chain mail (worn)
 i - a +0 cloak (worn)
 w - a +2 pair of boots (worn)
Jewellery
 f - a ring of poison resistance (left hand)
 u - a +4 ring of evasion (right hand)
Wands
 c - a wand of flame (29)
 p - a wand of acid (8)
 v - a wand of random effects (13)
 y - a wand of enslavement (7)
Scrolls
 d - 3 scrolls of identify
 k - 2 scrolls of teleportation
 m - a scroll of magic mapping
 q - 2 scrolls of fog
 s - 4 scrolls of remove curse
 A - a scroll of enchant armour {unknown}
Potions
 h - a potion of brilliance
 j - 2 potions of lignification
 n - a potion of curing
 o - 2 potions of resistance
 r - 2 potions of flight
 t - a potion of cancellation {unknown}
 x - a potion of haste
 z - a potion of degeneration {unknown}
Miscellaneous
 l - a lightning rod (4/4)


   Skills:
 + Level 8.5 Fighting
 + Level 5.3 Short Blades
 + Level 5.3 Long Blades
 + Level 7.1 Axes
 + Level 5.3 Maces & Flails
 + Level 5.3 Polearms
 + Level 5.3 Staves
 + Level 5.3 Slings
 + Level 5.3 Bows
 + Level 5.3 Crossbows
 + Level 5.3 Throwing
 + Level 7.1 Armour
 + Level 6.0 Dodging
 + Level 5.3 Stealth
 + Level 5.3 Shields
 + Level 5.3 Unarmed Combat
 + Level 5.3 Spellcasting
 + Level 4.3 Conjurations
 + Level 4.3 Hexes
 + Level 4.3 Summonings
 + Level 4.3 Necromancy
 + Level 4.3 Translocations
 + Level 4.3 Transmutations
 + Level 4.3 Fire Magic
 + Level 4.3 Ice Magic
 + Level 4.3 Air Magic
 + Level 4.3 Earth Magic
 + Level 4.3 Poison Magic
 + Level 7.5 Invocations
 + Level 5.3 Evocations


You had 19 spell levels left.
You didn't know any spells.
Your spell library contained the following spells:

 Spells                   Type           Power        Failure   Level
 Magic Dart               Conj           ###.         30%         1
 Blink                    Tloc           N/A          43%         2
 Call Imp                 Summ           ###.....     43%         2
 Slow                     Hex            ###.....     43%         2
 Conjure Flame            Conj/Fire      ###.....     67%         3
 Mephitic Cloud           Conj/Pois/Air  ###.....     67%         3


Dungeon Overview and Level Annotations

Branches:
Dungeon (8/15)             Temple (0/1) D:6
   Lair: D:8-11

Altars:
Fedhas
Gozag
Hepliaklqana
Kikubaaqudgha
Qazlal
Ru
Xom
Yredelemnul

Annotations:
D:8 Erica
Abyss:1 Joseph


Innate Abilities, Weirdness & Mutations

Your experience applies equally to all skills.
You have very sharp teeth.
Your uncanny sense of smell can sniff out nearby items.
You have a pair of small antennae on your head.
Armour fits poorly on your strangely shaped body.
You are frail. (-10% HP)


Message History

The bolt of poison hits you. You resist.
You hit Erica. Your bite misses Erica.
Erica is moderately wounded.
Erica hits you with a +3 scimitar of flaming!
* * * LOW HITPOINT WARNING * * *
Erica burns you.
* * * LOW HITPOINT WARNING * * *
You're too confused!
Unknown command.
You feel better. Erica casts a spell at you.
You feel yourself slow down.
You feel better.
Erica hits you with a +3 scimitar of flaming!
* * * LOW HITPOINT WARNING * * *
Erica burns you.
* * * LOW HITPOINT WARNING * * *
You feel better.
Erica hits you with a +3 scimitar of flaming!
You die...

### ..# #......#
##...... .## #.....
#.....#. . #..
##...#.. #.. #####.#
#.# #..# #.## ##.##
###..#########..#
##...#..........##
#@@##...........###
#..###...............
#..#
#................ #..
##............### .#
#............#..
##...........#..
##..........#..
#..........###
##............


You could see Erica (strong).

Vanquished Creatures
  Psyche (D:8)
  Prince Ribbit (D:8)
  Sigmund (D:3)
  The ghost of KristoblXynda the Slasher, an amateur DrGl (D:3)
  Grum (D:8)
  4 ice beasts
  A phantom (D:7)
  A sky beast (D:6)
  2 necrophages
  2 ogres
  2 wolves
  4 centaurs
  A big kobold (D:7)
  2 bullfrogs (D:6)
  3 scorpions
  A water moccasin skeleton (D:4)
  8 killer bees (D:7)
  4 howler monkeys
  2 hounds
  7 orc priests
  A gnoll shaman (D:3)
  Crazy Yiuf (D:4)
  4 bullfrog skeletons
  2 worker ants
  Natasha (twice) (D:4)
  An iguana (D:4)
  5 orc wizards
  A killer bee zombie (D:5)
  A hound skeleton (D:6)
  A worker ant zombie (D:7)
  3 gnolls
  6 adders
  2 shadow imps
  A white imp (D:7)
  4 ufetubi
  2 worms
  A dart slug (D:1)
  4 leopard geckos
  30 orcs
  6 giant cockroaches
  7 goblins
  9 hobgoblins
  4 jackals (D:3)
  2 quokkas
  3 ball pythons
  5 bats
  7 frilled lizards
  A giant cockroach zombie (D:6)
  A jackal skeleton (D:5)
  11 kobolds
  A leopard gecko skeleton (D:2)
  18 rats
196 creatures vanquished.

Vanquished Creatures (others)
  2 plants (D:8)
2 creatures vanquished.

Grand Total: 198 creatures vanquished

Notes
Turn   | Place    | Note
-------+----------+-------------------------------------------
     0 | Abyss:1  | Gargoyl the Gnoll Abyssal Knight began the quest for the
                  | Orb.
     0 | Abyss:1  | Reached XP level 1. HP: 23/23 MP: 3/3
    99 | Abyss:1  | Noticed a worldbinder
   103 | Abyss:1  | Noticed a shadow
   104 | Abyss:1  | Noticed a wraith
   104 | D:1      | Escaped the Abyss
   136 | D:1      | Reached XP level 2. HP: 29/29 MP: 5/5
   497 | D:1      | Reached * piety under Lugonu
   565 | D:1      | Reached XP level 3. HP: 35/35 MP: 6/6
  1029 | D:2      | Found a stormy altar of Qazlal.
  1450 | D:2      | Reached skill level 1 in Short Blades
  1450 | D:2      | Reached skill level 1 in Long Blades
  1450 | D:2      | Reached skill level 1 in Maces & Flails
  1450 | D:2      | Reached skill level 1 in Polearms
  1450 | D:2      | Reached skill level 1 in Staves
  1450 | D:2      | Reached skill level 1 in Slings
  1450 | D:2      | Reached skill level 1 in Bows
  1450 | D:2      | Reached skill level 1 in Crossbows
  1450 | D:2      | Reached skill level 1 in Throwing
  1450 | D:2      | Reached skill level 1 in Stealth
  1450 | D:2      | Reached skill level 1 in Shields
  1450 | D:2      | Reached skill level 1 in Unarmed Combat
  1450 | D:2      | Reached skill level 1 in Spellcasting
  1450 | D:2      | Reached skill level 1 in Evocations
  1455 | D:2      | Reached XP level 4. HP: 22/41 MP: 7/7
  1462 | D:2      | Reached skill level 1 in Conjurations
  1462 | D:2      | Reached skill level 1 in Hexes
  1462 | D:2      | Reached skill level 1 in Summonings
  1462 | D:2      | Reached skill level 1 in Necromancy
  1462 | D:2      | Reached skill level 1 in Translocations
  1462 | D:2      | Reached skill level 1 in Transmutations
  1462 | D:2      | Reached skill level 1 in Fire Magic
  1462 | D:2      | Reached skill level 1 in Ice Magic
  1462 | D:2      | Reached skill level 1 in Air Magic
  1462 | D:2      | Reached skill level 1 in Earth Magic
  1462 | D:2      | Reached skill level 1 in Poison Magic
  1774 | D:2      | Reached ** piety under Lugonu
  1992 | D:3      | Found a blossoming altar of Fedhas.
  1994 | D:3      | Found a runed translucent gate.
  2043 | D:3      | Reached XP level 5. HP: 32/47 MP: 8/8
  2157 | D:3      | Found a runed translucent gate.
  2157 | D:3      | Found a runed translucent gate.
  2160 | D:3      | Noticed KristoblXynda's ghost (amateur DrGl)
  2201 | D:3      | Killed KristoblXynda's ghost
  2202 | D:3      | Reached skill level 5 in Invocations
  2202 | D:3      | Reached XP level 6. HP: 16/53 MP: 9/9
  2605 | D:3      | Reached skill level 5 in Axes
  2605 | D:3      | Reached skill level 5 in Armour
  2648 | D:3      | Noticed Sigmund
  2658 | D:3      | Killed Sigmund
  2659 | D:3      | Reached XP level 7. HP: 43/59 MP: 10/10
  2755 | D:3      | Reached *** piety under Lugonu
  2757 | D:3      | Reached skill level 7 in Fighting
  2879 | D:3      | Found a hazy altar of Hepliaklqana.
  3659 | D:4      | Gained mutation: You are frail. (-10% HP) [potion of
                  | mutation]
  3659 | D:4      | Gained mutation: Armour fits poorly on your strangely
                  | shaped body. [potion of mutation]
  3659 | D:4      | Gained mutation: You passively map a small area around you.
                  | [potion of mutation]
  3666 | D:4      | Noticed Natasha
  3684 | D:4      | Killed Natasha
  3977 | D:4      | Noticed Natasha
  3982 | D:4      | Killed Natasha
  4181 | D:4      | Reached XP level 8. HP: 20/60 MP: 12/12
  4678 | D:4      | Found a runed translucent door.
  4679 | D:4      | Noticed Crazy Yiuf
  4693 | D:4      | Killed Crazy Yiuf
  5042 | D:5      | Entered Level 5 of the Dungeon
  5694 | D:5      | Found an opulent altar of Gozag.
  6710 | D:6      | Reached **** piety under Lugonu
  6809 | D:6      | Reached XP level 9. HP: 42/64 MP: 14/14
  6966 | D:6      | Got an ichor-stained mace
  6967 | D:6      | Identified the cursed +0 mace "Roes" {freeze, Fragile rF+
                  | rN+ Str+2} (You found it on level 6 of the Dungeon)
  6986 | D:6      | Found a shimmering altar of Xom.
  7058 | D:6      | Found a staircase to the Ecumenical Temple.
  7450 | D:7      | Noticed Joseph
  7462 | D:7      | Banished Joseph
  7463 | D:7      | Reached skill level 5 in Dodging
  7861 | D:7      | Reached skill level 8 in Fighting
  8478 | D:7      | Found a basalt altar of Yredelemnul.
  8533 | D:7      | Reached XP level 10. HP: 22/72 MP: 17/17
  8844 | D:7      | Lost mutation: You passively map a small area around you.
                  | [potion of mutation]
  8844 | D:7      | Lost mutation: You are frail. (-10% HP) [potion of
                  | mutation]
  8844 | D:7      | Gained mutation: You are frail. (-10% HP) [potion of
                  | mutation]
  8844 | D:7      | Gained mutation: You have a pair of small antennae on your
                  | head. [potion of mutation]
  9297 | D:8      | Noticed Prince Ribbit
  9313 | D:8      | Killed Prince Ribbit
  9314 | D:8      | Reached skill level 5 in Short Blades
  9314 | D:8      | Reached skill level 5 in Long Blades
  9314 | D:8      | Reached skill level 5 in Maces & Flails
  9314 | D:8      | Reached skill level 5 in Polearms
  9314 | D:8      | Reached skill level 5 in Staves
  9314 | D:8      | Reached skill level 5 in Slings
  9314 | D:8      | Reached skill level 5 in Bows
  9314 | D:8      | Reached skill level 5 in Crossbows
  9314 | D:8      | Reached skill level 5 in Throwing
  9314 | D:8      | Reached skill level 5 in Stealth
  9314 | D:8      | Reached skill level 5 in Shields
  9314 | D:8      | Reached skill level 5 in Unarmed Combat
  9314 | D:8      | Reached skill level 5 in Spellcasting
  9314 | D:8      | Reached skill level 5 in Evocations
  9484 | D:8      | Noticed Grum
  9510 | D:8      | Killed Grum
  9734 | D:7      | Reached ***** piety under Lugonu
 10314 | D:8      | Found an ancient bone altar of Kikubaaqudgha.
 10526 | D:8      | Found a sacrificial altar of Ru.
 10634 | D:8      | Noticed Psyche
 10667 | D:8      | Killed Psyche
 10760 | D:8      | Noticed Erica
 10773 | D:8      | Slain by Erica

Illustrated notes

Levels and vault maps discovered:
D:1:      dpeg_arrival_stonehenge_8_columns, layout_basic, minmay_domino_2
D:2:      layout_basic, lemuel_crystal_altar, kennysheep_generic_room_8
D:3:      layout_rooms, fedhas_altar_2, lemuel_crystal_altar,
          gammafunk_ghost_split, uniq_sigmund
D:4:      layout_loops_ring, uniq_natasha, uniq_crazy_yiuf_cottage
D:5:      layout_gridville, grunt_gozag_breadcrumbs, minmay_liquid_box,
          hangedman_decor_riveting, hex_large
D:6:      layout_gridville, old_standard_altar, minmay_temple_entry_antechambers
D:7:      layout_loops_ring, lemuel_round_altar, uniq_joseph
D:8:      layout_cave_pods, old_standard_altar, gammafunk_temple_overflow_wave,
          enter_ossuary_2, basic_altar, serial_bayou_pond_e, uniq_psyche,
          uniq_grum, uniq_erica, uniq_prince_ribbit1

Skill      XL: |  1  2  3  4  5  6  7  8  9 10 |
---------------+-------------------------------+-----
Short Blades   | 1 2 3 4 5 |  5.3
Long Blades    | 1 2 3 4 5 |  5.3
Maces & Flails | 1 2 3 4 5 |  5.3
Polearms       | 1 2 3 4 5 |  5.3
Staves         | 1 2 3 4 5 |  5.3
Slings         | 1 2 3 4 5 |  5.3
Bows           | 1 2 3 4 5 |  5.3
Crossbows      | 1 2 3 4 5 |  5.3
Throwing       | 1 2 3 4 5 |  5.3
Stealth        | 1 2 3 4 5 |  5.3
Shields        | 1 2 3 4 5 |  5.3
Unarmed Combat | 1 2 3 4 5 |  5.3
Spellcasting   | 1 2 3 4 5 |  5.3
Evocations     | 1 2 3 4 5 |  5.3
Conjurations   | 1 2 3 4 |  4.3
Hexes          | 1 2 3 4 |  4.3
Summonings     | 1 2 3 4 |  4.3
Necromancy     | 1 2 3 4 |  4.3
Translocations | 1 2 3 4 |  4.3
Transmutations | 1 2 3 4 |  4.3
Fire Magic     | 1 2 3 4 |  4.3
Ice Magic      | 1 2 3 4 |  4.3
Air Magic      | 1 2 3 4 |  4.3
Earth Magic    | 1 2 3 4 |  4.3
Poison Magic   | 1 2 3 4 |  4.3
Dodging        | 3 4 5 6 |  6.0
Invocations    | 5 6 7 |  7.5
Axes           | 5 6 7 |  7.1
Armour         | 5 6 7 |  7.1
Fighting       | 7 8 |  8.5

Action                   |  1- 3 |  4- 6 |  7- 9 | 10-12 || total
-------------------------+-------+-------+-------+-------++-------
Melee: Hand axe          |   117 |   110 |   434 |   136 ||   797
       Bite              |    10 |     9 |    46 |    16 ||    81
       Punch             |       |     1 |     7 |     4 ||    12
Throw: Dart              |       |     3 |    15 |    16 ||    34
Invok: Depart the Abyss  |     1 |       |       |       ||     1
       Banish            |       |       |     2 |     1 ||     3
Evoke: Wand              |       |       |     1 |       ||     1
  Use: Potion            |     2 |     1 |     3 |     4 ||    10
       Scroll            |     2 |     1 |    14 |     6 ||    23
 Stab: Distracted        |       |       |     1 |       ||     1
Armor: Scale mail        |    45 |       |       |       ||    45
       Chain mail        |    38 |    70 |   161 |    50 ||   319
Dodge: Dodged            |    95 |    48 |   242 |   101 ||   486

Table legend: (Time is in decaauts)
 A = Elapsed time spent in this place.
 B = Non-inter-level travel time spent in this place.
 C = Inter-level travel time spent in this place.
 D = Time resting spent in this place.
 E = Time spent auto-exploring this place.
 F = Levels seen in this place.
 G = Mean time per level.
                   A        B        C        D        E       F      G
               +--------+--------+--------+--------+--------+-----+--------+
         Total |  10785 |  10633 |    152 |   2015 |   6671 |   9 | 1198.3 |
       Dungeon |  10681 |  10529 |    152 |   2015 |   6605 |   8 | 1335.1 |
         Abyss |    103 |    103 |      0 |      0 |     66 |   1 |  103.0 |
               +--------+--------+--------+--------+--------+-----+--------+

Top non-repeatable levels by time:
     D:7: 1989 daAuts
     D:4: 1771 daAuts
     D:6: 1689 daAuts
     D:3: 1290 daAuts
     D:8: 1089 daAuts
     D:2: 967 daAuts
     D:5: 954 daAuts
     D:1: 930 daAuts
 Abyss:1: 103 daAuts
